 Dungeon Crawl Stone Soup version 0.27.1-34-g3ba077fa99 (webtiles) character file.

Game seed: 13317379400316591687

87 cbfl8 the Sneak (level 4, -2/40 HPs)
             Began as a Minotaur Delver on Jan 14, 2022.
             Slain by a kobold (5 damage)
             ... in a sewer.
             The game lasted 00:02:44 (1533 turns).

cbfl8 the Sneak (Minotaur Delver)                   Turns: 1533, Time: 00:02:44

Health: -2/40      AC:  3    Str: 17    XL:     4   Next: 28%
Magic:  3/3        EV: 12    Int:  8    God:
Gold:   16         SH:  0    Dex: 11    Spells: 3/3 levels left

rFire    . . .     SeeInvis .   n - +2 dagger (venom)
rCold    . . .     Faith    .   (no shield)
rNeg     . . .     Spirit   .   b - +0 leather armour
rPois    .         Reflect  .   (helmet restricted)
rElec    .         Harm     .   (no cloak)
rCorr    .         Rampage  .   (no gloves)
Will     .....                  (no boots)
Stlth    ++........             (no amulet)
HPRegen  0.13/turn              (no ring)
MPRegen  0.08/turn              (no ring)

@: no status effects
A: horns 2, retaliatory headbutt
a: no special abilities


You were in a sewer.
You visited 1 branch of the dungeon, and saw 1 of its levels.
You also visited: Sewer.

You collected 16 gold pieces.

Inventory:

Hand Weapons
 a - a +0 hand axe
 c - a +0 dagger
 k - a +0 dagger
 n - a +2 dagger of venom (weapon)
Missiles
 d - 9 poisoned darts (quivered)
Armour
 b - a +0 leather armour (worn)
Wands
 g - a wand of digging (3)
Scrolls
 e - 4 scrolls of fear
 j - a scroll of noise {unknown}
 m - a scroll of magic mapping
 o - a scroll of acquirement {unknown}
Potions
 f - 2 potions of haste
 h - a potion of cancellation
 i - a potion of mutation {unknown}
 l - a potion of brilliance {unknown}
 p - a potion of invisibility {unknown}


   Skills:
 + Level 4.2 Fighting
 + Level 2.6 Axes
 + Level 1.5 Armour
 + Level 2.5 Dodging
 + Level 5.0 Stealth


You had 3 spell levels left.
You didn't know any spells.
Your spell library was empty.

Dungeon Overview and Level Annotations

Branches:
Dungeon (5/15)              Sewer (1/1)
 Temple: D:4-7

Altars:


Innate Abilities, Weirdness & Mutations

You have a pair of horns on your head.
You reflexively headbutt those who attack you in melee.


Message History

The kobold shouts! x2
You hit the kobold but do no damage.
The kobold is poisoned.
The kobold closely misses you. You furiously retaliate!
You headbutt the kobold!
You kill the kobold!
The kobold unwields a +0 short sword.
The kobold wields a +0 hand crossbow.
The kobold shoots a bolt.
The bolt hits you.
The kobold unwields a +0 short sword.
The kobold wields a +0 hand crossbow.
The kobold shoots a bolt.
The bolt hits you!
The kobold hits you with a +0 short sword.
The kobold misses you.
The kobold shoots a bolt.
The bolt barely misses you. The kobold hits you but does no damage.
The kobold shoots a bolt.
The bolt hits you but does no damage.
The kobold hits you with a +0 short sword.
Things that are here:
a +1 short sword of protection; a kobold corpse The kobold unwields a +0 hand crossbow.
The kobold wields a +0 short sword.
The kobold hits you but does no damage. The kobold hits you with a +0 club.
The kobold unwields a +0 hand crossbow.
The kobold wields a +0 short sword.
The kobold hits you with a +0 short sword.
The kobold barely misses you.
You hit the kobold.
The kobold is severely wounded.
The kobold barely misses you. x2; The kobold hits you but does no damage.
The kobold hits you with a +0 short sword.
You hit the kobold.
You kill the kobold!
The kobold hits you with a +0 short sword.
* * * LOW HITPOINT WARNING * * *
The kobold hits you with a +0 club.
* * * LOW HITPOINT WARNING * * *
The kobold hits you with a +0 short sword.
* * * LOW HITPOINT WARNING * * *
It was a potion of cancellation.
You feel magically purged.
The kobold hits you with a +0 short sword.
* * * LOW HITPOINT WARNING * * *
The kobold barely misses you. You furiously retaliate!
You headbutt the kobold.
The kobold hits you with a +0 short sword.
You die...

#....≈≈#≈≈≈#≈≈.....#
##...≈P#≈≈≈#P......#
##...P≈≈≈≈≈#.......#
#....≈≈≈≈≈≈#.P.....#
###...≈#≈≈≈#.......#
#....#≈≈≈#.....###
##''##≈≈≈##''###
#....#≈≈≈#.K)K#
#....#≈≈≈#..@!#
#..∩.#≈≈≈#.K).#
#....#≈≈≈#.!!.#
######≈≈≈######
#...'≈≈≈# #∩∩.#≈≈≈#
#...#≈≈≈# #########


You could see 3 kobolds.

Vanquished Creatures
  A kobold brigand (Sewer)
  2 giant cockroaches (Sewer)
  10 kobolds (Sewer)
  4 ball pythons
  2 bats (Sewer)
  A frilled lizard (Sewer)
  A rat (Sewer)
21 creatures vanquished.

Vanquished Creatures (others)
  11 plants (Sewer)
11 creatures vanquished.

Grand Total: 32 creatures vanquished

Notes
Turn   | Place    | Note
-------+----------+-------------------------------------------
     0 | D:5      | cbfl8 the Minotaur Delver began the quest for the Orb.
     0 | D:5      | Reached XP level 1. HP: 19/19 MP: 0/0
    52 | D:5      | Found a glowing drain.
    68 | Sewer    | Entered a sewer
   298 | Sewer    | Noticed a kobold brigand
   304 | Sewer    | Killed a kobold brigand
   305 | Sewer    | Reached skill level 1 in Armour
   305 | Sewer    | Reached XP level 2. HP: 6/27 MP: 1/1
   305 | Sewer    | Reached XP level 3. HP: 8/33 MP: 2/2
   305 | Sewer    | Reached XP level 4. HP: 10/40 MP: 3/3
   923 | Sewer    | Reached skill level 5 in Stealth
  1533 | Sewer    | Slain by a kobold

Illustrated notes

Levels and vault maps discovered:
D:5:      layout_loops_corners, nicolae_uskayaw_murder_on_the_dancefloor,
          nemelex_diamond_rough_becter, cheibrodos_sewer_entry_sluice,
          ebering_ghost_sewer_d, uniq_pikel
Sewer:    kennysheep_pipe_town

Skill      XL: |  1  2  3  4 |
---------------+-------------+-----
Fighting       | 4 |  4.2
Armour         | 1 |  1.5
Stealth        | 5 |  5.0
Axes           | |  2.6
Dodging        | |  2.5

Action                   |  1- 3 |  4- 6 || total
-------------------------+-------+-------++-------
Melee: Hand axe          |     6 |    12 ||    18
       Headbutt          |     3 |     4 ||     7
       Dagger            |       |    38 ||    38
  Use: Scroll            |     2 |       ||     2
       Potion            |       |     1 ||     1
Armor: Leather armour    |    11 |    17 ||    28
Dodge: Dodged            |    17 |    43 ||    60
